 Dungeon Crawl Stone Soup version 0.32-a0-481-g9ce6b883f8 (webtiles) character file.

Game seed: 17153108516166102028

575 GabrielManson the Twirler (level 7, -2/52 HPs)
             Began as a Demonspawn Gladiator on Feb 26, 2024.
             Was an Initiate of Wu Jian.
             Incinerated by a bombardier beetle (3 damage)
             ... with a burning spray
             ... on level 5 of the Dungeon.
             The game lasted 00:12:45 (2859 turns).

GabrielManson the Twirler (Demonspawn Gladiator)    Turns: 2859, Time: 00:12:46

Health: -2/52      AC: 13    Str: 16    XL:     7   Next: 12%
Magic:  7/7        EV: 11    Int:  9    God:    Wu Jian [......]
Gold:   172        SH:  5    Dex: 14    Spells: 5/6 levels left

rFire   . . .        a - +0 quarterstaff
rCold   . . .        (shield currently unavailable)
rNeg    . . .        v - +0 chain mail
rPois   +            c - +0 helmet
rElec   .            (no cloak)
rCorr   .            (no gloves)
SInv    .            (no boots)
Will    .....        j - amulet of reflection
Stlth   +            q - +4 ring of protection
HPRegen 0.28/turn    y - ring of poison resistance
MPRegen 0.10/turn

%: reflection
@: on fire, glowing
A: sturdy frame 3
a: Renounce Religion


You were on level 5 of the Dungeon.
You worshipped Wu Jian.
Wu Jian was noncommittal.
You visited 1 branch of the dungeon, and saw 5 of its levels.

You collected 172 gold pieces.

Inventory:

Hand Weapons
 a - a +0 quarterstaff (weapon)
Missiles
 d - 3 throwing nets (quivered)
 e - a javelin
 k - 3 poisoned darts
Armour
 b - a +0 leather armour
 c - a +0 helmet (worn)
 f - a +1 hat
 o - an orb of energy
 u - a +0 ring mail
 v - a +0 chain mail (worn)
Jewellery
 h - a ring of ice
 j - an amulet of reflection (around neck)
 q - a +4 ring of protection (left hand)
 y - a ring of poison resistance (right hand)
Scrolls
 m - 2 scrolls of fog
 n - 2 scrolls of noise {unknown}
 r - a scroll of teleportation
 s - 3 scrolls of vulnerability
 x - 2 scrolls of immolation {unknown}
 z - a scroll of blinking {unknown}
Potions
 i - a potion of heal wounds {unknown}
 p - a potion of ambrosia
 t - a potion of resistance
 w - a potion of brilliance {unknown}


   Skills:
 + Level 3.1 Fighting
 + Level 5.5 Staves
 + Level 1.7 Throwing
 + Level 2.3 Armour
 + Level 3.6 Dodging
 + Level 1.1 Stealth
 + Level 1.7 Shields


You had 5 spell levels left.
You knew the following spells:

 Your Spells              Type           Power      Damage    Failure   Level
a - Slow                  Hex            0%         N/A       67%         1

Your spell library contained the following spells:

 Spells                   Type           Power      Damage    Failure   Level
 Confusing Touch          Hex            0%         N/A       95%         3
 Sigil of Binding         Hex            0%         N/A       95%         3
 Vampiric Draining        Necr           0%         2d6       95%         3
 Volatile Blastmotes      Fire/Tloc      0%         2d10      95%         3
 Fulminant Prism          Conj/Alch      0%         3d5       100%        4
 Iskenderun's Mystic Bla  Conj/Tloc      0%         2d3       100%        4


Dungeon Overview and Level Annotations

Branches:
Dungeon (5/15)
 Temple: D:4-7

Altars:
Wu Jian


Innate Abilities, Weirdness & Mutations

Your movements are significantly less encumbered by armour. (ER -6)


Message History

The scorpion stings you but does no damage.
You block the bombardier beetle's attack.
You closely miss the scorpion.
The scorpion is moderately wounded.
The liquid fire burns you! The scorpion stings you.
The scorpion stings you but does no damage.
You sock the scorpion!
You kill the scorpion!
The Council accepts your kill. The liquid fire burns you!
The bombardier beetle bites you but does no damage.
You have reached level 7!
You hit the bombardier beetle.
The bombardier beetle is heavily wounded.
The liquid fire burns you!
The bombardier beetle barely misses you.
You hit the bombardier beetle.
The bombardier beetle is heavily wounded.
The liquid fire burns you!
* * * LOW HITPOINT WARNING * * *
You barely miss the bombardier beetle.
The bombardier beetle is heavily wounded.
The liquid fire burns you!
* * * LOW HITPOINT WARNING * * *
The bombardier beetle barely misses you.
You hit the bombardier beetle.
The bombardier beetle is almost dead.
The liquid fire burns you!
* * * LOW HITPOINT WARNING * * *
You thump the bombardier beetle!
You kill the bombardier beetle!
The Council accepts your kill. The liquid fire burns you!
* * * LOW HITPOINT WARNING * * *
You are on fire!
You are on fire!
You are on fire!
The liquid fire burns you!
You die...

#...........
#..........# #
#..........#.#
#..........#.##
#.............#
..#..........#...
...............##
.......†....$....
##.....!@<...#.#
..../.########
##.... ###. ##


There were no monsters in sight!

Vanquished Creatures
  Eustachio (D:4)
  An ice beast (D:4)
  2 scorpions
  2 bombardier beetles
  Jessica (D:3)
  An iguana (D:4)
  4 adders
  4 dart slugs
  A ribbon worm (D:4)
  2 orcs
  7 endoplasms
  8 goblins
  10 hobgoblins
  2 jackals (D:3)
  2 quokkas
  7 ball pythons
  A bat (D:3)
  2 frilled lizards (D:2)
  6 kobolds
  A rat (D:2)
65 creatures vanquished.

Notes
Turn   | Place    | Note
-------+----------+-------------------------------------------
     0 | D:1      | GabrielManson the Demonspawn Gladiator began the quest for
                  | the Orb.
     0 | D:1      | Reached XP level 1. HP: 16/16 MP: 1/1
   346 | D:1      | Gained mutation: Your movements are slightly less
                  | encumbered by armour. (ER -2) [demonic ancestry]
   346 | D:1      | Reached XP level 2. HP: 22/22 MP: 2/2
   477 | D:1      | Reached skill level 3 in Staves
   797 | D:2      | Learned a level 1 spell: Slow
   990 | D:2      | Reached XP level 3. HP: 26/27 MP: 3/3
  1470 | D:3      | Reached skill level 1 in Stealth
  1470 | D:3      | Reached XP level 4. HP: 33/33 MP: 4/4
  1586 | D:3      | Found a faded altar of an unknown god.
  1632 | D:3      | Noticed Jessica
  1637 | D:3      | Killed Jessica
  1638 | D:3      | Reached skill level 1 in Shields
  1842 | D:3      | Reached skill level 4 in Staves
  1981 | D:3      | Reached skill level 1 in Armour
  2063 | D:4      | Gained mutation: Your movements are less encumbered by
                  | armour. (ER -4) [demonic ancestry]
  2063 | D:4      | Reached XP level 5. HP: 38/38 MP: 5/5
  2127 | D:4      | Noticed Eustachio
  2171 | D:4      | Killed Eustachio
  2172 | D:4      | Gained mutation: Your movements are significantly less
                  | encumbered by armour. (ER -6) [demonic ancestry]
  2172 | D:4      | Reached XP level 6. HP: 30/46 MP: 6/6
  2352 | D:4      | Reached skill level 5 in Staves
  2730 | D:4      | Found an ornate altar of the Wu Jian Council.
  2737 | D:4      | Noticed a spectral centipede
  2737 | D:4      | Noticed a spectral black mamba
  2737 | D:4      | Noticed a spectral cane toad
  2738 | D:4      | Became a worshipper of the Wu Jian Council
  2767 | D:5      | Entered Level 5 of the Dungeon
  2767 | D:5      | Noticed an ice beast
  2793 | D:4      | Killed an ice beast
  2854 | D:5      | Reached XP level 7. HP: 22/52 MP: 7/7
  2858 | D:5      | HP: 1/52 [burnt (4)]
  2859 | D:5      | Incinerated by a bombardier beetle

Illustrated notes

Levels and vault maps discovered:
D:1:      moated_graveyard_arrival, layout_loops_ring
D:2:      layout_loops_cross, minmay_goblin_kobold_house
D:3:      layout_basic, hellmonk_ecumenical_altar_dog_temple, uniq_jessica
D:4:      layout_basic, pdpol_wu_jian_five_deadly_venoms, serial_park_tiny_pond,
          corexii_leaking_fountain, uniq_eustachio
D:5:      layout_rooms, marbit_many_paths, nicolae_twisty_statue_hallways,
          uniq_crazy_yiuf_cottage

Skill      XL: |  1  2  3  4  5  6 |
---------------+-------------------+-----
Dodging        | 3 |  3.6
Staves         | 3 4 5 |  5.5
Stealth        | 1 |  1.1
Shields        | 1 |  1.7
Armour         | 1 2 |  2.3
Fighting       | 3 |  3.1
Throwing       | |  1.7

Action                     |  1- 3 |  4- 6 |  7- 9 || total
---------------------------+-------+-------+-------++-------
  Melee: Quarterstaff      |    93 |   172 |     5 ||   270
   Cast: Slow              |     1 |       |       ||     1
Ability: Lunge             |       |     1 |       ||     1
    Use: Scroll            |     3 |     4 |       ||     7
         Potion            |       |     2 |       ||     2
   Stab: Sleeping          |     3 |       |       ||     3
 Armour: Leather armour    |    20 |       |       ||    20
         Chain mail        |    23 |   132 |       ||   155
         Ring mail         |     1 |       |       ||     1
  Dodge: Dodged            |    49 |   113 |     2 ||   164
  Block: Other             |    25 |    44 |       ||    69
         Reflection        |     2 |       |       ||     2

Table legend: (Time is in decaauts)
 A = Elapsed time spent in this place.
 B = Non-inter-level travel time spent in this place.
 C = Inter-level travel time spent in this place.
 D = Time resting spent in this place.
 E = Time spent auto-exploring this place.
 F = Levels seen in this place.
 G = Mean time per level.
                   A        B        C        D        E       F      G
               +--------+--------+--------+--------+--------+-----+--------+
         Total |   2868 |   2726 |    142 |    165 |   1788 |   5 |  573.6 |
       Dungeon |   2868 |   2726 |    142 |    165 |   1788 |   5 |  573.6 |
               +--------+--------+--------+--------+--------+-----+--------+

Top non-repeatable levels by time:
     D:2: 795 daAuts
     D:4: 789 daAuts
     D:1: 658 daAuts
     D:3: 603 daAuts
     D:5: 21 daAuts
